 Dungeon Crawl Stone Soup version 0.20.0-15-g7f486f2 (webtiles) character file.

2443 manyhoops the Covert (level 9, -3/39 HPs)
             Began as a Spriggan Enchanter on June 23, 2017.
             Was a Believer of Vehumet.
             Killed from afar by an orc wizard (7 damage)
             ... with a magic dart
             ... on level 6 of the Dungeon.
             The game lasted 00:24:35 (8265 turns).

manyhoops the Covert (Spriggan Enchanter)           Turns: 8265, Time: 00:24:35

Health: -3/39      AC:  2    Str:  4    XL:     9   Next: 25%
Magic:  4/19       EV: 27    Int: 18    God:    Vehumet [**....]
Gold:   310        SH:  6    Dex: 18    Spells: 3/20 levels left

rFire    . . .     SeeInvis +   f - +0 dagger (drain)
rCold    . . .     Gourm    .   (shield restricted)
rNeg     + . .     Faith    .   b - +0 robe
rPois    .         Spirit   .   (helmet restricted)
rElec    .         Reflect  +   (no cloak)
rCorr    .         Harm     .   (gloves unavailable)
MR       +....                  (boots unavailable)
Stlth    ++++++....             n - +2 amulet of reflection
Regen    0.2/turn               e - ring of positive energy
MPRegen  0.2/turn               j - +3 ring of evasion

@: very slightly contaminated, very quick
A: unfitting armour, large bone plates 1, see invisible, herbivore 3, speed 3,
sense surroundings 1, screaming 1, slow metabolism 2
a: Renounce Religion


You were on level 6 of the Dungeon.
You worshipped Vehumet.
Vehumet was pleased with you.
You were not hungry.

You visited 1 branch of the dungeon, and saw 7 of its levels.

You collected 310 gold pieces.

Inventory:

Hand Weapons
 f - a +0 dagger of draining (weapon)
 v - a cursed -3 dagger
Armour
 b - a +0 robe (worn)
 p - a +0 buckler
Jewellery
 e - a ring of positive energy (left hand)
 h - an uncursed ring of resist corrosion
 j - a +3 ring of evasion (right hand)
 n - a +2 amulet of reflection (around neck)
Wands
 a - a wand of polymorph (18/24)
 m - a wand of iceblast (4/15)
 o - a wand of iceblast (10/15)
Scrolls
 i - a scroll of blinking
 k - 3 scrolls of teleportation
 l - a scroll of enchant armour
 r - a scroll of fog
 t - a scroll of magic mapping {unknown}
 u - a scroll of amnesia {unknown}
Potions
 q - a potion of brilliance
 s - 3 potions of curing
Comestibles
 d - 4 bread rations
 g - 3 royal jellies


   Skills:
 - Level 5.2 Short Blades
 - Level 8.5 Dodging
 - Level 13.2 Stealth
 - Level 6.3 Spellcasting
 + Level 5.0 Hexes


You had 3 spell levels left.
You knew the following spells:

 Your Spells              Type           Power        Failure   Level  Hunger
a - Corona                Hex            ###....      1%          1    None
b - Ensorcelled Hibernat  Hex/Ice        ##....       6%          2    None
c - Confuse               Hex            ###.....     4%          3    ##.....
d - Tukima's Dance        Hex            ###.....     4%          3    ##.....
e - Blink                 Tloc           N/A          19%         2    None
f - Dazzling Spray        Conj/Hex       ##....       12%         3    ##.....
g - Mephitic Cloud        Conj/Pois/Air  #.......     34%         3    ##.....


Dungeon Overview and Level Annotations

Branches:
Dungeon (7/15)             Temple (0/1) D:5

Altars:
Cheibriados
Hepliaklqana
Kikubaaqudgha
Qazlal
Trog
Vehumet
Xom
Yredelemnul
The Shining One


Innate Abilities, Weirdness & Mutations

You are very small and have problems with some larger weapons.
You are too small for most types of armour.
You have supernaturally acute eyesight. (SInv)
You are a herbivore.
You cover ground extremely quickly.
You need consume almost no food.
You are partially covered in large bone plates. (SH +4)
You passively map a small area around you.
You occasionally shout uncontrollably at your foes.


Message History

The orc wizard hits you with a dagger.
You hit the orc wizard but do no damage.
The orc wizard is heavily wounded.
The orc wizard misses you.
You hit the orc wizard but do no damage.
The orc wizard is heavily wounded.
The orc wizard hits you with a dagger.
* * * LOW HITPOINT WARNING * * *
You hit the orc wizard but do no damage.
The orc wizard is heavily wounded.
The orc wizard points at you and mumbles some strange words.
The magic dart hits you!
* * * LOW HITPOINT WARNING * * *
Blink to where?
Press: ? - help, Dir - move target cursor, p - orc wizard You are very lightly contaminated with residual magic.
As you read the scroll of blinking, it crumbles to dust.
The orc wizard points at you and mumbles some strange words.
The magic dart hits you!
You die...

#.....# #.###.# ##### ### #.# #.#
########...###.## #.###.###
#..........##.#.## #.......#
##.##.###...#.###.## #..##.#..
...#...###...## ##.# #>....###
###.[...#####.###.## ##.#####
##...## ##.#@## #.....# ##.##
##...# #####.# #.# ###.# #.# #.#
#.# #.# ##'## #.# #.# ##...##
####.##### #.# ##.....##
#.>..ยง...# ##.# ##...<...##
#..#o###.# ##..#
#..)......####....###.######...##


You could see an orc wizard.

Vanquished Creatures
  The ghost of greprep the Cudgeler, a novice DDFi (D:5)
  The ghost of vishdafish the Shield-Bearer, an amateur GrFi (D:4)
  Eustachio (D:5)
  An orc warrior (D:6)
  5 ogres
  2 bullfrogs (D:6)
  A scorpion (D:5)
  2 howler monkeys (D:6)
  2 hounds
  9 orc wizards
  3 orc priests
  Ijyb (D:5)
  Natasha (twice) (D:2)
  2 iguanas
  8 worker ants
  A hound skeleton (D:4)
  3 gnolls (D:2)
  11 adders
  A shadow imp (D:6)
  An ooze (D:3)
  An adder skeleton (D:5)
  9 worms
  3 dart slugs
  3 leopard geckos
  44 orcs
  3 ball pythons
  10 bats
  2 giant cockroaches
  10 hobgoblins
  4 jackals
  3 kobolds
  A quokka (D:3)
  5 frilled lizards
  6 goblins (D:2)
  A leopard gecko skeleton (D:4)
  8 rats
171 creatures vanquished.

Notes
Turn   | Place    | Note
-------+----------+-------------------------------------------
     0 | D:1      | manyhoops the Spriggan Enchanter began the quest for the Orb.
     0 | D:1      | Reached XP level 1. HP: 9/9 MP: 5/5
   279 | D:1      | Reached XP level 2. HP: 9/13 MP: 6/6
   283 | D:1      | Learned a level 2 spell: Ensorcelled Hibernation
   810 | D:2      | Found a snail-covered altar of Cheibriados.
   839 | D:2      | Found a radiant altar of Vehumet.
  1598 | D:2      | Reached XP level 3. HP: 13/16 MP: 0/9
  1863 | D:2      | Learned a level 3 spell: Confuse
  1880 | D:2      | Noticed Natasha
  2201 | D:2      | Killed Natasha
  2201 | D:2      | Reached skill level 5 in Stealth
  2201 | D:2      | Reached XP level 4. HP: 21/21 MP: 5/10
  2475 | D:2      | Noticed Natasha
  2584 | D:2      | Reached skill level 6 in Stealth
  2908 | D:2      | Reached XP level 5. HP: 22/24 MP: 7/11
  2938 | D:2      | Killed Natasha
  3105 | D:3      | Found a glowing golden altar of the Shining One.
  3236 | D:3      | Found a hazy altar of Hepliaklqana.
  3338 | D:3      | Learned a level 3 spell: Tukima's Dance
  3421 | D:3      | Reached skill level 7 in Stealth
  3747 | D:3      | Found a bloodstained altar of Trog.
  4124 | D:3      | Reached XP level 6. HP: 26/28 MP: 0/13
  4343 | D:4      | Found a shimmering altar of Xom.
  4345 | D:4      | Gained mutation: You are partially covered in large bone plates. (SH +4) [potion of mutation]
  4345 | D:4      | Gained mutation: You occasionally shout uncontrollably at your foes. [potion of mutation]
  4345 | D:4      | Gained mutation: You passively map a small area around you. [potion of mutation]
  4423 | D:4      | Found an ancient bone altar of Kikubaaqudgha.
  4441 | D:4      | Found a basalt altar of Yredelemnul.
  4700 | D:4      | Reached skill level 5 in Spellcasting
  4863 | D:4      | Reached XP level 7. HP: 32/32 MP: 17/17
  4894 | D:4      | Learned a level 2 spell: Blink
  4898 | D:4      | Learned a level 3 spell: Dazzling Spray
  5061 | D:2      | Became a worshipper of Vehumet
  5175 | D:4      | Reached skill level 5 in Short Blades
  5690 | D:4      | Noticed vishdafish's ghost (amateur GrFi)
  6187 | D:4      | Reached skill level 8 in Stealth
  6362 | D:4      | Killed vishdafish's ghost
  6362 | D:4      | Reached skill level 9 in Stealth
  6374 | D:4      | Found a stormy altar of Qazlal.
  6487 | D:5      | Entered Level 5 of the Dungeon
  6517 | D:5      | Reached * piety under Vehumet
  6517 | D:5      | Offered knowledge of Sandblast by Vehumet.
  6536 | D:5      | Reached skill level 5 in Dodging
  6536 | D:5      | Reached XP level 8. HP: 33/36 MP: 5/18
  6591 | D:5      | Reached skill level 10 in Stealth
  6610 | D:5      | Noticed Eustachio
  6675 | D:5      | Killed Eustachio
  6696 | D:5      | Noticed greprep's ghost (novice DDFi)
  6698 | D:5      | Found a staircase to the Ecumenical Temple.
  6708 | D:5      | Noticed Ijyb
  6713 | D:5      | Killed greprep's ghost
  6713 | D:5      | Reached skill level 11 in Stealth
  6783 | D:5      | Killed Ijyb
  7029 | D:6      | Reached skill level 12 in Stealth
  7385 | D:6      | Reached XP level 9. HP: 28/39 MP: 7/19
  7652 | D:6      | Reached skill level 13 in Stealth
  7717 | D:6      | Reached ** piety under Vehumet
  7736 | D:6      | Offered knowledge of Searing Ray by Vehumet.
  7764 | D:6      | Learned a level 3 spell: Mephitic Cloud
  8148 | D:6      | Reached skill level 5 in Hexes
  8265 | D:6      | Killed from afar by an orc wizard

Skill      XL: |  1  2  3  4  5  6  7  8  9 |
---------------+----------------------------+-----
Short Blades   | 2 3 4 5 |  5.2
Spellcasting   | 3 4 6 |  6.3
Stealth        | 5 6 7 9 12 13 | 13.2
Dodging        | 5 8 |  8.5
Hexes          | 5 |  5.0

Action                   |  1- 3 |  4- 6 |  7- 9 || total
-------------------------+-------+-------+-------++-------
Melee: Dagger            |    67 |   253 |   305 ||   625
 Cast: Corona            |     4 |     4 |     1 ||     9
       Ensorcelled Hiber |    22 |    58 |    83 ||   163
       Confuse           |       |     5 |    14 ||    19
       Dazzling Spray    |       |       |     7 ||     7
       Tukima's Dance    |       |       |     2 ||     2
       Blink             |       |       |     2 ||     2
  Use: Potion            |     3 |     1 |       ||     4
       Scroll            |     2 |     2 |     4 ||     8
 Stab: Sleeping          |    14 |    47 |    42 ||   103
       Distracted        |     1 |       |       ||     1
       Confused          |       |     2 |     7 ||     9
       Invisible         |       |       |     1 ||     1
  Eat: Bread ration      |       |     1 |     1 ||     2
Armor: Robe              |    10 |    21 |    17 ||    48
Dodge: Dodged            |    57 |   182 |   223 ||   462
Block: Other             |       |     7 |    62 ||    69
